Description

zest 2 gate blink

Build Order

Get SALT Encoding   

  14  0:19  Pylon  
  16  0:37  Gateway  
  17  0:50  Assimilator  
  20  1:24  Cybernetics Core  core before nexus
  20  1:34  Nexus  
  20  1:42  Pylon  pylon before gas
  22  1:49  Assimilator  
  23  2:03  Adept (Chrono Boost), Warp Gate  
  26  2:23  Twilight Council  
  31  2:29  Stalker  
  33  2:46  Gateway  
  33  3:00  Blink (Chrono Boost)  
  38  3:17  Robotics Facility  halluc
  38  3:28  Pylon  use it for drop vision
  46  3:52  Stalker x2  
  50  4:01  Nexus  
  50  4:08  Pylon, Observer  
  54  4:22  Assimilator  
  59  4:25  Pylon  
  59  4:40  Stalker x2  
  59  4:52  Charge  
  64  5:05  Gateway x3, Forge  
  72  5:32  Gateway x2  
  73  5:42  Protoss Ground Armor Level 1  
  77  5:45  Gateway  
Spawning Tool Build Advisor. Get it on Overwolf

Go to:

Details

  • Created by: FlatHippo
  • Published on: Nov 01, 2021
  • Modified on: Nov 01, 2021
  • Patch: 4.11.0
  • Difficulty: Medium
Show
View Real Time Build Order
Export as new Build Order

Comments (0)

There are no comments. Be the first!

Create an account to comment!